 Dungeon Crawl Stone Soup version 0.20-a0-80-g14a9077 (webtiles) character file.

15097 GordonOverkill the Severer (level 11, -12/102 HPs)
             Began as a Minotaur Skald on Nov 20, 2016.
             Was a High Priest of Trog.
             Engulfed by a cloud of freezing vapour (21 damage)
             ... in an ice cave.
             The game lasted 00:23:13 (15892 turns).

GordonOverkill the Severer (Minotaur Skald)        Turns: 15892, Time: 00:23:14

Health: -12/102    AC: 17    Str: 21    XL:     11   Next: 97%
Magic:  12/12      EV:  8    Int:  9    God:    Trog [*****.]
Gold:   424        SH:  0    Dex:  9    Spells: 0 memorised, 12 levels left

rFire  . . .     SeeInvis .     s - +1 hand axe (chop)
rCold  . . .     Gourm    .     C - +3 chain mail
rNeg   . . .     Faith    .     (no shield)
rPois  +         Spirit   .     (helmet restricted)
rElec  .         Reflect  .     h - +0 cloak
rCorr  .         Harm     .     (no gloves)
MR     .....                    v - +0 pair of boots
Stlth  ..........               (no amulet)
                                J - ring of flight
                                o - ring of poison resistance

@: exhausted, slowed, very slow
A: retaliatory headbutt, horns 2
a: Berserk, Trog's Hand, Brothers in Arms, Burn Spellbooks, Renounce Religion,
Evoke Flight


You were in an ice cave.
You worshipped Trog.
Trog was extremely pleased with you.
You were very hungry.

You visited 2 branches of the dungeon, and saw 12 of its levels.
You also visited: Ice Cave.

You collected 479 gold pieces.
You spent 55 gold pieces at shops.

Inventory:

Hand Weapons
 b - a +0 war axe
 s - a +1 hand axe of chopping (weapon)
Armour
 h - a +0 cloak (worn)
 v - a +0 pair of boots (worn)
 y - a +0 large shield
 C - a +3 chain mail (worn)
Jewellery
 o - a ring of poison resistance (left hand)
 q - an uncursed ring of magical power
 J - a ring of flight (right hand)
Wands
 g - a wand of polymorph (13/24)
 p - a wand of digging (17/24)
 B - a wand of digging (16/24)
 G - a wand of random effects (9/48)
Scrolls
 f - 2 scrolls of teleportation
 m - a scroll of fog
 w - a scroll of recharging
 x - 2 scrolls of magic mapping
 E - 2 scrolls of immolation
 F - a scroll of remove curse
 H - 2 scrolls of identify
Potions
 c - a potion of mutation {unknown}
 e - a potion of cure mutation
 i - a potion of haste
 k - 2 potions of curing
 n - 2 potions of magic
 r - a potion of invisibility
 t - a potion of ambrosia {unknown}
 z - 2 potions of flight {unknown}
 D - 3 potions of lignification
Comestibles
 d - 7 bread rations


   Skills:
 - Level 11.0 Fighting
 + Level 17.0 Axes
 + Level 10.0 Armour
 - Level 1.1 Dodging
 - Level 1.3 Spellcasting
   Level 2.0 Charms


You had 12 spell levels left.
You didn't know any spells.

Dungeon Overview and Level Annotations

Branches:
Dungeon (11/15)            Temple (1/1) D:5            Lair (0/6) D:10
    Orc (0/2) D:11

Altars:
Ashenzari
Cheibriados
Dithmenos
Elyvilon
Fedhas
Gozag
Hepliaklqana
Kikubaaqudgha
Makhleb
Nemelex Xobeh
Okawaru
Qazlal
Ru
Sif Muna
Trog
Uskayaw
Vehumet
Xom
Yredelemnul
Zin
The Shining One

Shops:
D:4 !

Annotations:
D:1 exclusion: downstairs
D:2 Sigmund


Innate Abilities, Weirdness & Mutations

You reflexively headbutt those who attack you in melee.
You have a pair of horns on your head.


Message History

No target in view!
No target in view!
You start resting.
You feel a strong urge to attack something.
You start resting.
You feel your anger subside.
You are no longer berserk.
Trog's vigour flows through your veins.
You are exhausted.
You feel yourself slow down.
You start resting.
You are engulfed in freezing vapours.
You are engulfed in freezing vapours.
You are engulfed in freezing vapours.
* * * LOW HITPOINT WARNING * * *
You start resting.
You are engulfed in freezing vapours.
* * * LOW HITPOINT WARNING * * *
Okay, then.
Okay, then.
You feel better.
You are engulfed in freezing vapours.
You die...

##≈§.§.## #####
#.§§§## ##...##
##..## ##.....#
#...## #......##
##...# ###.......#
#..## ##§#...##..##
#...## #§§##..#....#
##..#. ##§@#.##.#..#
#..#. #.#§§#.#..##§##
#....
§#§.§§§.....#§§#
#...#
#=.).§.§§..≈.§..≈#
#..##
#[.#..####.§.#...#
##.#. ##
#.§.§§§§§.#§..# #§..
##.§§§≈§§.#..§###.§§§
#≈§.#§§###....##§§§§
#§§#§##......##§§§#


There were no monsters in sight!

Vanquished Creatures
  The ghost of minotard the Cleaver, a journeyman GrBe of Trog (D:10)
  2 hill giants (D:10)
  A deep elf mage (D:10)
  A cyclops (D:10)
  The ghost of minotard the Cleaver, a novice GrBe of Trog (D:8)
  2 ice statues (IceCv)
  A centaur skeleton (D:10)
  A gargoyle (D:10)
  9 ice devils (IceCv)
  2 trolls (D:10)
  A hippogriff (D:9)
  A vampire (D:10)
  4 hogs (D:7)
  A human (D:7)
  A wraith (D:10)
  10 yaks (D:9)
  A steam dragon (D:4)
  2 hungry ghosts
  Edmund (D:5)
  3 wargs (D:10)
  4 porcupines (D:10)
  3 ice beasts
  4 sky beasts
  A black bear (D:10)
  4 orc warriors
  4 phantoms
  3 necrophages (D:6)
  5 ogres
  4 centaurs
  3 bullfrogs
  3 scorpions
  A howler monkey (D:10)
  An electric eel (D:9)
  2 bullfrog zombies (D:6)
  7 crimson imps
  A centaur zombie (D:6)
  3 quasits
  A jelly (D:7)
  Crazy Yiuf (D:3)
  5 hounds
  6 orc priests
  8 orc wizards
  4 iguanas
  Natasha (thrice) (D:2)
  6 worker ants
  A hound zombie (D:9)
  A hound skeleton (D:6)
  A howler monkey zombie (D:6)
  2 worker ant zombies
  Robin (D:2)
  9 adders
  4 gnolls (D:6)
  2 shadow imps
  17 white imps
  6 ufetubi (IceCv)
  An ooze (D:3)
  An adder skeleton (D:10)
  An adder zombie (D:7)
  2 worms
  A dart slug (D:1)
  6 leopard geckos
  34 orcs
  A ball python (D:1)
  6 giant cockroaches
  6 hobgoblins
  17 jackals
  4 quokkas
  10 bats
  6 frilled lizards
  A giant cockroach zombie (D:5)
  17 goblins
  7 kobolds
  A leopard gecko skeleton (D:6)
  A quokka skeleton (D:10)
  A quokka zombie (D:6)
  6 rats
  A bush (D:6)
  2 plants (D:6)
310 creatures vanquished.

Vanquished Creatures (others)
  A reaper (IceCv)
  5 white imps (IceCv)
  3 ufetubi (IceCv)
  15 plants
24 creatures vanquished.

Grand Total: 334 creatures vanquished

Notes
Turn   | Place    | Note
-------+----------+-------------------------------------------
     0 | D:1      | GordonOverkill the Minotaur Skald began the quest for the Orb.
     0 | D:1      | Reached XP level 1. HP: 18/18 MP: 1/1
    24 | D:1      | Reached skill level 3 in Axes
   110 | D:1      | Reached XP level 2. HP: 24/25 MP: 3/3
   550 | D:1      | Reached skill level 4 in Axes
   620 | D:1      | Reached XP level 3. HP: 30/30 MP: 4/4
   806 | D:2      | Noticed Natasha
   814 | D:2      | HP: 1/30 [Natasha (5)]
   815 | D:2      | Killed Natasha
   815 | D:2      | Reached skill level 5 in Axes
  1108 | D:2      | Noticed Sigmund
  1208 | D:2      | Noticed Natasha
  1219 | D:2      | Killed Natasha
  1219 | D:2      | Reached XP level 4. HP: 30/37 MP: 5/5
  1336 | D:2      | Found a faded altar of an unknown god.
  1362 | D:2      | Noticed Robin
  1365 | D:2      | Noticed Natasha
  1370 | D:2      | Killed Robin
  1370 | D:2      | Reached skill level 6 in Axes
  1374 | D:2      | Killed Natasha
  1374 | D:2      | Reached XP level 5. HP: 27/42 MP: 6/6
  1722 | D:3      | Found a runed door.
  1726 | D:3      | Noticed Crazy Yiuf
  1730 | D:3      | Killed Crazy Yiuf
  1826 | D:3      | Reached skill level 7 in Axes
  2402 | D:3      | Found a basalt altar of Yredelemnul.
  2533 | D:4      | Found Sali's Distillery.
  2534 | D:4      | Noticed a phantom
  2553 | D:4      | Killed a phantom
  2553 | D:4      | Reached XP level 6. HP: 45/50 MP: 7/7
  2558 | D:4      | Bought a potion of heal wounds for 55 gold pieces
  2565 | D:4      | Noticed a steam dragon
  2573 | D:4      | Killed a steam dragon
  2573 | D:4      | Reached skill level 8 in Axes
  2687 | D:4      | Reached skill level 9 in Axes
  2691 | D:4      | Reached XP level 7. HP: 39/56 MP: 8/8
  3379 | D:5      | Entered Level 5 of the Dungeon
  3606 | D:5      | Reached skill level 10 in Axes
  3939 | D:5      | Found a bloodstained altar of Trog.
  4061 | D:5      | Found a staircase to the Ecumenical Temple.
  4077 | Temple   | Entered the Ecumenical Temple
  4325 | D:5      | Became a worshipper of Trog the Wrathful
  4362 | D:5      | Reached skill level 11 in Axes
  4450 | D:5      | Found a shimmering altar of Xom.
  4450 | D:5      | Found a hide-covered altar of Uskayaw.
  4450 | D:5      | Found a radiant altar of Vehumet.
  4451 | D:5      | Found a sacrificial altar of Ru.
  4518 | D:5      | Reached XP level 8. HP: 15/63 MP: 9/9
  4880 | D:5      | Noticed Edmund
  4919 | D:5      | Killed Edmund
  5465 | D:5      | Found a stormy altar of Qazlal.
  5671 | D:6      | Reached * piety under Trog
  5728 | D:6      | Reached skill level 5 in Fighting
  6018 | D:6      | Found a blossoming altar of Fedhas.
  6211 | D:6      | Reached skill level 12 in Axes
  6389 | D:7      | Reached XP level 9. HP: 62/78 MP: 10/10
  7121 | D:7      | Reached ** piety under Trog
  7299 | D:7      | Found a shadowy altar of Dithmenos.
  7465 | D:7      | Reached skill level 13 in Axes
  8061 | D:8      | Found a hazy altar of Hepliaklqana.
  8079 | D:8      | Found an ancient bone altar of Kikubaaqudgha.
  8079 | D:8      | Found a burning altar of Makhleb.
  8090 | D:8      | Found an opulent altar of Gozag.
  8376 | D:8      | Noticed minotard's ghost (novice GrBe)
  8388 | D:8      | Killed minotard's ghost
  8388 | D:8      | Reached skill level 10 in Fighting
  8388 | D:8      | Reached XP level 10. HP: 93/93 MP: 11/11
  8443 | D:8      | Reached skill level 14 in Axes
  8796 | D:8      | Found a shimmering altar of Xom.
  9507 | D:9      | Reached *** piety under Trog
 10520 | D:9      | Reached skill level 15 in Axes
 11066 | D:10     | Entered Level 10 of the Dungeon
 11095 | D:10     | Reached skill level 5 in Armour
 11143 | D:10     | Found a radiant altar of Vehumet.
 11250 | D:10     | Reached XP level 11. HP: 95/102 MP: 12/12
 11386 | D:10     | Reached **** piety under Trog
 11620 | D:10     | Noticed a deep elf mage
 11620 | D:10     | Noticed minotard's ghost (journeyman GrBe)
 11644 | D:10     | Killed minotard's ghost
 11651 | D:10     | Killed a deep elf mage
 11809 | D:10     | Noticed a hill giant
 11826 | D:10     | Killed a hill giant
 11826 | D:10     | Reached skill level 16 in Axes
 12094 | D:10     | Found a staircase to the Lair.
 13146 | D:10     | Noticed a hill giant
 13170 | D:10     | Killed a hill giant
 13396 | D:11     | Found a frozen archway.
 13480 | IceCv    | Entered an ice cave
 13520 | IceCv    | Reached ***** piety under Trog
 13534 | IceCv    | Received a gift from Trog
 13670 | IceCv    | Killed a reaper
 15184 | IceCv    | Reached skill level 17 in Axes
 15405 | IceCv    | Reached skill level 10 in Armour
 15891 | IceCv    | HP: 2/102 [something (26)]
 15892 | IceCv    | Engulfed by a cloud of freezing vapour

Vault maps used:
D:1:      shiori_shiawase
D:2:      chequers_ecumenical_altar_simple_redux, first_bread,
          minmay_misc_feat_columns, uniq_iyjb, uniq_robin, uniq_sigmund,
          uniq_natasha
D:3:      nicolae_overflow_hidden_temple, uniq_crazy_yiuf_cottage
D:4:      serial_shops, shop
D:5:      chequers_temple_overflow_statue_of_worship,
          lemuel_coloured_pillars_altar, kennysheep_mini_moat, uniq_edmund
D:6:      fedhas_altar_decomposition
D:7:      grunt_dithmenos_shadows, grunt_livestock
D:8:      grunt_temple_overflow_open, basic_altar, kennysheep_crisscross
D:9:      minivault_14
D:10:     wad_woods_stonehenge, erik_lair_orcish_takeover,
          minmay_misc_feat_ornament
D:11:     orc_0_dummy, portal_ice_cave_entry_imps
Temple:   grunt_temple_mini_profane
IceCv:    ice_cave_small_demon

Skill      XL: |  1  2  3  4  5  6  7  8  9 10 11 |
---------------+----------------------------------+-----
Axes           | 3 4 5 6 7 9 11 12 13 15 17 | 17.0
Fighting       | 3 6 10 11 | 11.0
Armour         | 5 10 | 10.0
Dodging        | |  1.1
Spellcasting   | |  1.3
Charms         | |  2.0

Action                   |  1- 3 |  4- 6 |  7- 9 | 10-12 || total
-------------------------+-------+-------+-------+-------++-------
Melee: Hand axe          |    80 |    96 |   374 |   534 ||  1084
       Headbutt          |     8 |    17 |   100 |    88 ||   213
       War axe           |       |       |   159 |       ||   159
Invok: Berserk           |       |       |     3 |    20 ||    23
       Burn Spellbooks   |       |       |     1 |     2 ||     3
  Use: Scroll            |       |       |    21 |     1 ||    22
       Potion            |       |       |       |     5 ||     5
 Stab: Distracted        |       |       |       |     1 ||     1
  Eat: Chunk             |     1 |     5 |    14 |    24 ||    44
       Fruit             |       |       |     3 |       ||     3
       Beef jerky        |       |       |     1 |     2 ||     3
       Meat ration       |       |       |     1 |     1 ||     2
       Pizza             |       |       |       |     7 ||     7
       Royal jelly       |       |       |       |     1 ||     1
Armor: Leather armour    |     4 |       |       |       ||     4
       Ring mail         |    25 |    20 |       |       ||    45
       Scale mail        |       |    21 |     5 |       ||    26
       Chain mail        |       |       |   193 |   202 ||   395
Dodge: Dodged            |    34 |    55 |   152 |   151 ||   392
